 Dungeon Crawl Stone Soup version 0.29.1-4-g47bece8355 (webtiles) character file.

Game seed: 17665611256422146654

150 iamoutofideas the Chopper (level 5, -7/44 HPs)
             Began as a Hill Orc Gladiator on Dec 8, 2022.
             Mangled by Edmund
             ... wielding a +2 dire flail of venom
              (25 damage)
             ... on level 3 of the Dungeon.
             The game lasted 00:02:49 (2098 turns).

iamoutofideas the Chopper (Hill Orc Gladiator)      Turns: 2098, Time: 00:02:50

Health: -7/44      AC:  5    Str: 19    XL:     5   Next: 32%
Magic:  5/5        EV: 12    Int:  8    God:
Gold:   216        SH:  0    Dex: 12    Spells: 4/4 levels left

rFire   . . .      SeeInvis .   a - +0 war axe
rCold   . . .      Faith    .   (no shield)
rNeg    . . .      Spirit   .   b - +0 leather armour
rPois   .          Reflect  .   c - +0 helmet
rElec   .          Harm     .   (no cloak)
rCorr   .          Rampage  .   (no gloves)
Will    .....                   i - +0 pair of boots
Stlth   +.........              g - amulet of regeneration
HPRegen 0.94/turn               (no ring)
MPRegen 0.09/turn               (no ring)

@: lethally poisoned (-7 -> -8)
A: no striking features
a: no special abilities


You were on level 3 of the Dungeon.
You visited 1 branch of the dungeon, and saw 4 of its levels.

You collected 216 gold pieces.

Inventory:

Hand Weapons
 a - a +0 war axe (weapon)
Missiles
 d - 3 throwing nets (quivered)
 e - a javelin
Armour
 b - a +0 leather armour (worn)
 c - a +0 helmet (worn)
 i - a +0 pair of boots (worn)
Jewellery
 g - an amulet of regeneration (around neck)
Scrolls
 f - a scroll of acquirement {unknown}
 h - a scroll of amnesia {unknown}
 j - a scroll of enchant armour {unknown}
 p - a scroll of fog {unknown}
 q - 2 scrolls of fear
 s - a scroll of noise {unknown}
 u - 2 scrolls of silence {unknown}
 v - a scroll of identify
Potions
 k - a potion of curing {unknown}
 l - a potion of invisibility {unknown}
 m - a potion of might
 n - a potion of berserk rage
 o - a potion of ambrosia {unknown}
 r - a potion of haste {unknown}
 t - a potion of lignification {unknown}


   Skills:
 + Level 2.9 Fighting
 * Level 7.5 Axes
 - Level 1.7 Throwing
 - Level 2.4 Dodging


You had 4 spell levels left.
You didn't know any spells.
Your spell library was empty.

Dungeon Overview and Level Annotations

Branches:
Dungeon (4/15)
 Temple: D:4-7

Altars:

Annotations:
D:3 Edmund
D:4 Sigmund


Message History

No target in view!
Done exploring.
No target in view!
Done exploring.
No target in view!
Done exploring.
No target in view!
Done exploring.
No target in view!
No target in view!
(D) Dungeon
Where to? (Enter - D:3, ? - help)
There is a stone staircase leading down here.
You climb downwards.
Edmund shouts!
Sigmund shouts!
The hobgoblin shouts!
Found 12 gold pieces.
There is a stone staircase leading up here.
There are monsters nearby!
There are monsters nearby!
There are monsters nearby!
You hit Edmund but do no damage.
Edmund drinks a potion.
Edmund seems to grow stronger.
There are monsters nearby!
Unknown command.
Edmund says, "People accused me of being a cutpurse!"
Edmund hits you but does no damage.
You are poisoned.
You climb upwards.
You feel sick.
There is a stone staircase leading down here.
Unknown command.
You hit Edmund but do no damage.
You feel sick.
Edmund hits you with a +2 dire flail of venom!!
Ouch! That really hurt!
You are too injured to fight recklessly!
You are too injured to fight recklessly!
You are too injured to fight recklessly!
Edmund attacks as you move away!
Edmund hits you with a +2 dire flail of venom!!
Ouch! That really hurt!
You die...

#........######
#...>....#....#
#.............#
##
#.............#
##.
#........#....#
##..
#####.###....##
#... #.# #....#
#... #.# #....#
#... #.# #)@@.#
###### #...
#.###....#
#....# #...
#.##.....#
#...†# ##..
#.#......#
#....# ##.
#.#.#....#
#....#####.
#####...######
#.......##.
#.........#
#....##..#.
#.........#
###.##...#.
#.........#
#.#...÷.÷


You could see Edmund (strong).

Vanquished Creatures
  5 adders
  4 gnolls
  2 worms (D:2)
  6 bats
  3 endoplasms
  3 giant cockroaches
  6 hobgoblins
  2 jackals (D:2)
  6 quokkas
  2 ball pythons
  4 frilled lizards
  10 goblins
  4 kobolds
  3 rats
60 creatures vanquished.

Notes
Turn   | Place    | Note
-------+----------+-------------------------------------------
     0 | D:1      | iamoutofideas the Hill Orc Gladiator began the quest for
                  | the Orb.
     0 | D:1      | Reached XP level 1. HP: 18/18 MP: 1/1
   188 | D:1      | Reached XP level 2. HP: 25/25 MP: 2/2
   321 | D:1      | Reached skill level 5 in Axes
   761 | D:2      | Reached XP level 3. HP: 30/30 MP: 3/3
  1074 | D:2      | Reached skill level 6 in Axes
  1173 | D:2      | Reached XP level 4. HP: 29/37 MP: 4/4
  1369 | D:3      | Found a faded altar of an unknown god.
  1665 | D:2      | Reached skill level 7 in Axes
  1787 | D:2      | Reached XP level 5. HP: 21/42 MP: 5/5
  2093 | D:4      | Noticed Edmund
  2093 | D:4      | Noticed Sigmund
  2098 | D:3      | Mangled by Edmund

Illustrated notes

Levels and vault maps discovered:
D:1:      dpeg_arrival_erosion, layout_basic
D:2:      layout_basic, minmay_hexomino_c4
D:3:      layout_rooms, nicolae_ecumenical_pavilion
D:4:      layout_cave_pools, slow_altar_1, lightli_temple_of_fire, uniq_edmund,
          uniq_sigmund, uniq_robin

Skill      XL: |  1  2  3  4 |
---------------+-------------+-----
Axes           | 5 6 7 |  7.5
Fighting       | |  2.9
Throwing       | |  1.7
Dodging        | |  2.4

Action                   |  1- 3 |  4- 6 || total
-------------------------+-------+-------++-------
Melee: War axe           |   103 |    83 ||   186
  Use: Scroll            |       |     2 ||     2
Armor: Leather armour    |    30 |    29 ||    59
Dodge: Dodged            |    67 |    76 ||   143
